 Dungeon Crawl Stone Soup version 0.31-a0-204-g7da18cac08 (webtiles) character file.

Game seed: 6078526335553245437

117 qw the Skirmisher (level 4, -3/25 HPs)
             Began as a Deep Elf Hunter on June 27, 2023.
             Slain by a wight
             ... wielding a +3 flail
              (10 damage)
             ... on level 4 of the Dungeon.
             The game lasted 00:00:38 (1913 turns).

qw the Skirmisher (Deep Elf Hunter)                 Turns: 1913, Time: 00:00:38

Health: -3/25      AC:  7    Str: 10    XL:     4   Next: 71%
Magic:  6/6        EV: 11    Int: 14    God:
Gold:   163        SH:  0    Dex: 24    Spells: 3/3 levels left

rFire   . . .        a - +0 shortbow (heavy)
rCold   . . .        (shield currently unavailable)
rNeg    . . .        g - +0 ring mail
rPois   +            (no helmet)
rElec   .            h - +0 cloak
rCorr   .            e - +0 pair of gloves
SInv    .            (no boots)
Will    .....        (no amulet)
Stlth   ++           d - +6 ring of dexterity
HPRegen 0.24/turn    c - ring of poison resistance
MPRegen 0.10/turn

%: no passive effects
@: no status effects
A: no striking features
a: no special abilities


You were on level 4 of the Dungeon.
You visited 1 branch of the dungeon, and saw 4 of its levels.

You collected 163 gold pieces.


   Skills:
 - Level 1.5 Fighting
 - Level 8.0 Ranged Weapons
 + Level 2.6 Dodging
 - Level 1.2 Stealth


You had 3 spell levels left.
You didn't know any spells.
Your spell library was empty.

Inventory:

Hand Weapons
 a - a +0 heavy shortbow (weapon)
Armour
 e - a +0 pair of gloves (worn)
 g - a +0 ring mail (worn)
 h - a +0 cloak (worn)
Jewellery
 c - a ring of poison resistance (right hand)
 d - a +6 ring of dexterity (left hand)
Potions
 b - a potion of haste {unknown}
 f - a potion of magic {unknown}
 i - a potion of might
 k - a potion of lignification {unknown}

Dungeon Overview and Level Annotations

Branches:
Dungeon (4/15)
 Temple: D:4-7

Altars:
Elyvilon
Hepliaklqana
Uskayaw
Yredelemnul


Message History

As you read the scroll labelled TUDDEFALOY, it crumbles to dust.
It was a scroll of poison.
Done exploring.
(D) Dungeon
Where to? (* - list waypoints, Enter - D:3, ? - help)
What level of the Dungeon? (default 1, ? - help)
There is an open door here.
There is a stone staircase leading down here.
You climb downwards.
Found a rapier.
There is a stone staircase leading up here.
Waypoint 3 assigned to D:4.
Found a stone staircase leading down.
Found a dagger.
Found a hide-covered altar of Uskayaw.
There is a hide-covered altar of Uskayaw here.
A gnoll sergeant comes into view. It is wielding a +2 trident of venom.
The gnoll sergeant shouts!
You shoot an arrow.
The arrow hits the gnoll sergeant but does no damage.
A wight comes into view. It is wielding a +3 flail.
Found a ring mail.
Enter note: You shoot an arrow.
The arrow barely misses the gnoll sergeant.
You shoot an arrow. The arrow hits the gnoll sergeant!
The gnoll sergeant is severely wounded.
The gnoll sergeant hits you from afar with a +2 trident of venom.
You shoot an arrow. The arrow hits the gnoll sergeant!
The gnoll sergeant is almost dead.
The gnoll sergeant barely misses you.
A goblin comes into view. It is wielding a +0 dagger.
The gnoll sergeant hits you from afar with a +2 trident of venom.
You shoot an arrow. The goblin shouts!
The arrow hits the wight!
The wight is almost destroyed.
The gnoll sergeant hits you from afar with a +2 trident of venom!
The wight hits you with a +3 flail!
You die...

#.#.## ###
##.#.## ##.#
#..#.###.##
##..#....##
###.#.....##
#.._..#....##
###.#.#####...###
##.....# ##....##
.......# ##..@.#
.......#
##..zg.....
###....#
#......###.
###..# #...##.#..
#..# #...## .# .#
..# #...# .# g#
..# ....# . [
...# #


You could see a gnoll sergeant, a wight and a goblin.

Vanquished Creatures
  6 adders
  A worm (D:2)
  A dart slug (D:1)
  6 orcs (D:3)
  4 bats
  2 endoplasms
  2 giant cockroaches (D:2)
  6 goblins
  4 hobgoblins
  2 quokkas
  12 ball pythons
  A frilled lizard (D:2)
  3 kobolds
  2 rats
52 creatures vanquished.

Notes
Turn   | Place    | Note
-------+----------+-------------------------------------------
     0 | D:1      | qw the Deep Elf Hunter began the quest for the Orb.
     0 | D:1      | Reached XP level 1. HP: 12/12 MP: 3/3
     0 | D:1      | 0 ||| qw: Version: 0.3-a-22-g0ed2b0b
     0 | D:1      | 0 ||| qw: Game counter: 6502
     0 | D:1      | 0 ||| qw: Melee chars always use a shield: true
     0 | D:1      | 0 ||| qw: God list: Okawaru
     0 | D:1      | 0 ||| qw: Allow faded altars: false
     0 | D:1      | 0 ||| qw: Do Orc after clearing Dungeon:15 true
     0 | D:1      | 0 ||| qw: Do second Lair branch before Depths: true
     0 | D:1      | 0 ||| qw: Lair rune preference: random
     0 | D:1      | 0 ||| qw: Goals: Normal
     0 | D:1      | 0 ||| PLANNING D:1-11
   290 | D:1      | Reached XP level 2. HP: 16/16 MP: 4/4
   347 | D:1      | Reached skill level 6 in Ranged Weapons
   622 | D:1      | 622 ||| UPGRADING to +0 pair of gloves.
   627 | D:1      | 627 ||| UPGRADING to +0 ring mail.
   637 | D:1      | 637 ||| DROPPING +0 leather armour.
   638 | D:1      | 638 ||| UPGRADING to +6 ring of dexterity.
   639 | D:1      | 639 ||| READING 2 scrolls labelled INIWUR NECHIR.
   640 | D:1      | 640 ||| READING scroll labelled XIXKICLO MEINU.
   641 | D:1      | 641 ||| DRINKING 2 murky yellow potions.
   642 | D:1      | 642 ||| DROPPING scroll of immolation.
   643 | D:1      | 643 ||| DROPPING scroll of butterflies.
   708 | D:2      | Found a hazy altar of Hepliaklqana.
   715 | D:2      | 715 ||| STAIRDANCE
   889 | D:2      | Reached XP level 3. HP: 20/20 MP: 5/5
  1015 | D:2      | Reached skill level 7 in Ranged Weapons
  1109 | D:2      | 1109 ||| UPGRADING to ring of poison resistance.
  1110 | D:2      | 1110 ||| READING scroll labelled CAOTYIN TUCUKO.
  1213 | D:3      | Reached XP level 4. HP: 25/25 MP: 6/6
  1293 | D:3      | Found a basalt altar of Yredelemnul.
  1485 | D:3      | Reached skill level 8 in Ranged Weapons
  1622 | D:3      | Found a white marble altar of Elyvilon.
  1803 | D:3      | 1803 ||| UPGRADING to +0 cloak.
  1808 | D:3      | 1808 ||| READING scroll labelled TUDDEFALOY.
  1871 | D:4      | Found a hide-covered altar of Uskayaw.
  1907 | D:4      | Noticed a gnoll sergeant
  1913 | D:4      | Slain by a wight

Levels and vault maps discovered:
D:1:      kennysheep_arrival_seaside, layout_loops_cross
D:2:      layout_rooms, basic_altar
D:3:      layout_basic, mainiacjoe_overflow_tiny_flanked,
          mainiacjoe_overflow_alcove_4, serial_glass, glass_columns_b,
          glass_columns_a
D:4:      layout_layer_cave, lemuel_crystal_altar, minmay_manual_mail

Skill      XL: |  1  2  3  4 |
---------------+-------------+-----
Ranged Weapons | 6 7 8 |  8.0
Fighting       | |  1.5
Dodging        | |  2.6
Stealth        | |  1.2

Action                     |  1- 3 |  4- 6 || total
---------------------------+-------+-------++-------
   Fire: Shortbow          |    65 |    43 ||   108
    Use: Scroll            |     3 |     1 ||     4
         Potion            |     1 |       ||     1
 Armour: Ring mail         |     2 |    11 ||    13
         Leather armour    |     1 |       ||     1
  Dodge: Dodged            |     9 |    18 ||    27

Table legend:
 A = Non-vault XP
 B = Vault XP
 C = Vault XP percentage of total XP
 D = Non-vault monster count
 E = Vault monster count
 F = Vault count percentage of total count
                 A         B        C        D         E       F
            +---------+---------+-------+---------+---------+-------
      Total |     168 |       0 |   0.0 |      52 |       0 |   0.0
            +---------+---------+-------+---------+---------+-------
        D:1 |      20 |       0 |   0.0 |      11 |       0 |   0.0
        D:2 |      48 |       0 |   0.0 |      19 |       0 |   0.0
        D:3 |     100 |       0 |   0.0 |      22 |       0 |   0.0
            +---------+---------+-------+---------+---------+-------
